 Dungeon Crawl Stone Soup version 0.20-a0-421-gf6b327c (webtiles) character file.

106064 Faca the Tortoise (level 15, 0/145 HPs)
             Began as a Minotaur Fighter on Dec 29, 2016.
             Was the Champion of Okawaru.
             Slain by an Ice Fiend (9 damage)
             ... in an ice cave on Dec 31, 2016.
             The game lasted 01:33:15 (25249 turns).

Faca the Tortoise (Minotaur Fighter)               Turns: 25249, Time: 01:33:15

Health: 0/145      AC: 26    Str: 27    XL:     15   Next: 96%
Magic:  0/14       EV:  8    Int:  5    God:    Okawaru [******]
Gold:   1989       SH: 17    Dex: 18    Spells: 14/14 levels left

rFire  + + +     SeeInvis +     L - +2 eveningstar (venom)
rCold  + + .     Gourm    .     e - +4 plate armour
rNeg   + . .     Faith    .     C - +1 shield {rPois}
rPois  +         Spirit   +     c - -2 hat of the Alchemist {rElec rPois rF+ rC+ rN+ MR+ rMut rCorr}
rElec  +         Reflect  .     M - +0 cloak {MR+}
rCorr  +         Harm     .     R - +0 pair of fencer's gloves {+Riposte Dex+3}
rMut   +                        J - +1 pair of boots {run}
MR     +++..                    O - amulet of guardian spirit
Stlth  ..........               K - ring of protection from fire
                                I - ring of see invisible

@: mighty, resistant, quick
A: retaliatory headbutt, horns 2
a: Heroism, Finesse, Renounce Religion


You were in an ice cave.
You worshipped Okawaru.
Okawaru was exalted by your worship.
You were not hungry.

You visited 5 branches of the dungeon, and saw 23 of its levels.
You also visited: Ice Cave.

You collected 2878 gold pieces.
You spent 889 gold pieces at shops.

Inventory:

Hand Weapons
 B - the +8 mace "Nymial" {crush, rPois Dex+3}
   (You found it on level 8 of the Dungeon)

   It inflicts extra damage upon your enemies.
   It affects your dexterity (+3).
   It protects you from poison.
 L - a +2 eveningstar of venom (weapon)
Armour
 c - the -2 hat of the Alchemist (worn) {rElec rPois rF+ rC+ rN+ MR+ rMut rCorr}
   (You found it on level 12 of the Dungeon)

   It protects you from fire.
   It protects you from cold.
   It insulates you from electricity.
   It protects you from poison.
   It protects you from negative energy.
   It affects your resistance to hostile enchantments.
   It protects you from acid and corrosion.
   It protects you from mutation.
 e - a +4 plate armour (worn)
 C - a +1 shield of poison resistance (worn)
 H - the +2 pair of gloves of the Spheres {Int+7 Dex-2 Stlth-}
   (Okawaru gifted it to you on level 12 of the Dungeon)

   It affects your intelligence (+7).
   It affects your dexterity (-2).
   It makes you less stealthy.
 J - a +1 pair of boots of running (worn)
 M - a +0 cloak of magic resistance (worn)
 R - the +0 pair of fencer's gloves (worn) {+Riposte Dex+3}
   (You bought it in a shop on level 1 of the Orcish Mines)

   It affects your dexterity (+3).
Jewellery
 m - an uncursed ring of protection from magic
 p - the ring of Mibie {-Tele +Fly rPois rN+}
   (You found it on level 5 of the Dungeon)

   [ring of flight]

   It protects you from poison.
   It protects you from negative energy.
   It lets you fly.
   It prevents most forms of teleportation.
 I - a ring of see invisible (left hand)
 K - a ring of protection from fire (right hand)
 O - an amulet of guardian spirit (around neck)
Wands
 v - a wand of flame (29/48)
 x - a wand of disintegration (8/24)
 F - a wand of lightning (12/15)
 P - a wand of iceblast (7/15)
Scrolls
 g - 4 scrolls of remove curse
 n - 5 scrolls of enchant armour
 r - 2 scrolls of recharging
 w - a scroll of enchant weapon
 y - 4 scrolls of magic mapping
 z - 4 scrolls of teleportation
 A - 9 scrolls of identify
 N - 2 scrolls of fog
Potions
 b - 5 potions of haste
 d - 4 potions of might
 i - 5 potions of agility
 j - a potion of resistance
 l - a potion of lignification
 o - 3 potions of brilliance
 q - 9 potions of curing
 s - 4 potions of cancellation
 t - 2 potions of flight
 E - a potion of invisibility
Miscellaneous
 S - a lightning rod (4/4)
Comestibles
 a - 16 royal jellies
 f - 8 bread rations
 k - 6 meat rations
 u - 6 beef jerkies
 G - 3 slices of pizza


   Skills:
 + Level 16.7 Fighting
 + Level 16.6 Maces & Flails
 + Level 17.0 Armour
 + Level 16.8 Shields


You had 14 spell levels left.
You didn't know any spells.

Dungeon Overview and Level Annotations

Branches:
Dungeon (12/15)            Temple (1/1) D:6            Lair (6/6) D:10
 Shoals (0/4) Lair:4        Snake (2/4) Lair:4        Slime (0/5) Lair:5
    Orc (2/2) D:10            Elf (0/3) Orc:2

Altars:
Ashenzari
Cheibriados
Dithmenos
Elyvilon
Fedhas
Gozag
Hepliaklqana
Kikubaaqudgha
Makhleb
Nemelex Xobeh
Okawaru
Qazlal
Ru
Sif Muna
Trog
Uskayaw
Vehumet
Xom
Yredelemnul
Zin
The Shining One
Beogh
Jiyva

Shops:
Orc:1 [   Orc:2 %}=*   Snake:1 }

Annotations:
Snake:1 exclusion: Roxanne, Roxanne


Innate Abilities, Weirdness & Mutations

You reflexively headbutt those who attack you in melee.
You have a pair of horns on your head.


Message History

You block the Ice Fiend's attack.
You feel much better.
The Ice Fiend calls on the powers of darkness!
Your body is wracked with pain!
* * * LOW HITPOINT WARNING * * *
Unknown command.
You hit the Ice Fiend but do no damage.
The Ice Fiend is lightly wounded.
You block the Ice Fiend's attack. x2
You hit the Ice Fiend but do no damage.
The Ice Fiend is poisoned.
Your headbutt misses the Ice Fiend.
The Ice Fiend is lightly wounded.
The Ice Fiend claws you.
* * * LOW HITPOINT WARNING * * *
The Ice Fiend freezes you! You resist.
* * * LOW HITPOINT WARNING * * *
The Ice Fiend claws you!
* * * LOW HITPOINT WARNING * * *
The Ice Fiend freezes you! You resist.
You die...

#...## ##§§....# ##..#
#..≈....# ####...#
##.§##§..# ## ##..#..##
#..§§#§§##§§# ##...#..#
#..#.##.#.§# #.......#
##.##§§#§#§§# ##..##...#
#..#§§§§..§§§ #.
#...###..#
#..1§§§§..§§§§§1
#..##.#.##
#.@§#...####§§#
#..#....##
#§.§#..1.§....#
#..##....###..§#...1§.§§#
##..#....##....###..#.§§#
#..##...##...§.§##.#§§##
##..#.[##..#§§§§§#§#§§#
#..####..###§§§§§§§##
##.###...# #§§.§§§§§#
##..#..## ##§§.§§§.#


You could see an Ice Fiend.

Vanquished Creatures
  Rupert (Lair:5)
  An Ice Fiend (IceCv)
  An orc warlord (Orc:2)
  A stone giant (Orc:2)
  Nessos (Lair:5)
  A fire dragon (Lair:6)
  7 hydras
  2 naga warriors (Snake:1)
  2 anacondas (Snake:1)
  A death knight (D:12)
  10 two-headed ogres
  4 orc high priests (Orc:2)
  A tengu warrior (D:12)
  5 naga sharpshooters
  A naga ritualist (Snake:1)
  An unseen horror (D:12)
  A swamp dragon (Lair:6)
  6 orc knights
  3 oklob plants
  2 orc sorcerers (Orc:2)
  2 deep elf magi
  A mana viper (Snake:1)
  A cyclops (Orc:2)
  2 manticores
  A salamander (Snake:1)
  4 ugly things
  10 black mambas
  A merfolk siren (Lair:4)
  19 elephants
  Maurice (Orc:1)
  5 naga magi
  A gargoyle (D:11)
  3 ice statues
  16 spiny frogs
  The ghost of kitkat the Firebug, a novice DrFE (D:5)
  14 ice devils (IceCv)
  5 komodo dragons
  2 rime drakes
  A yaktaur (D:12)
  7 trolls
  10 polar bears (Lair:6)
  17 blink frogs
  2 hornets
  2 raiju (Lair:6)
  10 hippogriffs
  3 shadows
  The ghost of dialectric the Slasher, an amateur VSSk (D:3)
  5 wraiths
  3 wyverns
  2 hungry ghosts
  A spriggan (Lair:1)
  A vampire (D:11)
  49 yaks
  2 basilisks
  5 steam dragons
  A vampire mosquito (D:12)
  11 nagas
  An acid dragon (Lair:6)
  12 wargs
  15 hell hounds (Lair:6)
  10 water moccasins
  49 orc warriors
  7 porcupines
  2 swamp drakes (Lair:6)
  4 ice beasts
  6 sky beasts
  16 black bears
  A phantom (D:8)
  33 wolves
  10 ogres
  A centaur (D:6)
  21 crocodiles
  4 big kobolds
  13 bullfrogs
  A scorpion (D:6)
  10 killer bees
  3 wights (D:7)
  An electric eel (Lair:3)
  6 howler monkeys
  13 crimson imps
  3 bullfrog zombies
  3 centaur zombies
  3 jellies (D:9)
  29 orc priests
  19 orc wizards
  7 hounds
  4 bullfrog skeletons
  6 centaur skeletons
  Crazy Yiuf (D:7)
  Ijyb (D:2)
  2 iguanas
  10 worker ants
  A hound zombie (D:10)
  A howler monkey skeleton (D:7)
  2 worker ant zombies
  3 gnolls (D:3)
  10 adders
  4 shadow imps
  7 white imps
  7 ufetubi (IceCv)
  7 oozes
  An adder zombie (D:9)
  A worm (D:6)
  An adder skeleton (D:5)
  2 dart slugs (D:1)
  2 leopard geckos
  111 orcs
  A ball python (D:1)
  3 giant cockroaches
  6 hobgoblins
  3 jackals (D:3)
  A quokka (D:12)
  7 bats
  5 frilled lizards
  11 goblins
  A jackal skeleton (D:4)
  A jackal zombie (D:7)
  20 kobolds
  A leopard gecko skeleton (D:4)
  2 quokka skeletons
  A quokka zombie (D:6)
  6 rats
  5 plants
835 creatures vanquished.

Vanquished Creatures (others)
  A basilisk (Lair:6)
  A naga (Snake:2)
  2 white imps (IceCv)
  2 ufetubi (IceCv)
  9 fungi
  16 plants
31 creatures vanquished.

Grand Total: 866 creatures vanquished

Notes
Turn   | Place    | Note
-------+----------+-------------------------------------------
     0 | D:1      | Faca the Minotaur Fighter began the quest for the Orb.
     0 | D:1      | Reached XP level 1. HP: 19/19 MP: 0/0
   213 | D:1      | Reached XP level 2. HP: 27/27 MP: 1/1
   748 | D:1      | Reached XP level 3. HP: 33/33 MP: 2/2
  1273 | D:2      | Found a blossoming altar of Fedhas.
  1409 | D:2      | Reached skill level 4 in Armour
  1496 | D:2      | Found a radiant altar of Vehumet.
  1544 | D:2      | Noticed Ijyb
  1550 | D:2      | Killed Ijyb
  1550 | D:2      | Reached XP level 4. HP: 41/41 MP: 3/3
  1841 | D:3      | Noticed dialectric's ghost (amateur VSSk)
  1853 | D:3      | Killed dialectric's ghost
  1853 | D:3      | Reached skill level 5 in Fighting
  1853 | D:3      | Reached skill level 5 in Armour
  1853 | D:3      | Reached skill level 5 in Shields
  1853 | D:3      | Reached XP level 5. HP: 48/48 MP: 4/4
  1868 | D:3      | Found a shattered altar of Ashenzari.
  2077 | D:3      | Found a hide-covered altar of Uskayaw.
  2078 | D:3      | Noticed a hand axe
  2078 | D:3      | Noticed a dagger
  2105 | D:3      | Reached XP level 6. HP: 56/56 MP: 5/5
  2192 | D:3      | Found a sacrificial altar of Ru.
  2720 | D:5      | Entered Level 5 of the Dungeon
  2722 | D:5      | Found a snail-covered altar of Cheibriados.
  2860 | D:5      | Got a glittering lead ring
  2929 | D:5      | Identified the ring of Mibie {-Tele +Fly rPois rN+} (You found it on level 5 of the Dungeon)
  2994 | D:5      | Noticed kitkat's ghost (novice DrFE)
  3004 | D:5      | Killed kitkat's ghost
  3004 | D:5      | Reached skill level 5 in Maces & Flails
  3004 | D:5      | Reached skill level 6 in Armour
  3004 | D:5      | Reached XP level 7. HP: 63/63 MP: 6/6
  3114 | D:6      | Found a staircase to the Ecumenical Temple.
  3134 | Temple   | Entered the Ecumenical Temple
  3171 | Temple   | Became a worshipper of Warmaster Okawaru
  3335 | D:6      | Got a slimy robe
  3352 | D:6      | Identified the +2 robe "Bufruadd" {Dex+3} (You found it on level 6 of the Dungeon)
  3372 | D:6      | Reached XP level 8. HP: 46/71 MP: 7/7
  3485 | D:6      | Reached * piety under Okawaru
  3485 | D:6      | Reached skill level 7 in Armour
  3785 | D:7      | Noticed a deep elf mage
  3806 | D:7      | Killed a deep elf mage
  3893 | D:7      | Found a hide-covered altar of Uskayaw.
  3943 | D:7      | Reached XP level 9. HP: 77/81 MP: 8/8
  4004 | D:7      | Reached skill level 8 in Armour
  4011 | D:7      | Paralysed by a hornet for 2 turns
  4300 | D:7      | Found a shattered altar of Ashenzari.
  4300 | D:7      | Found a shimmering altar of Xom.
  4321 | D:7      | Reached ** piety under Okawaru
  4585 | D:7      | Upgraded the game from 0.20-a0-382-g289d6af to 0.20-a0-386-g2d247ea
  4744 | D:7      | Found a runed door.
  4748 | D:7      | Noticed Crazy Yiuf
  4752 | D:7      | Killed Crazy Yiuf
  4877 | D:8      | Got a pitted mace
  4878 | D:8      | Identified the +8 mace "Nymial" {crush, rPois Dex+3} (You found it on level 8 of the Dungeon)
  5104 | D:8      | Reached skill level 9 in Armour
  5437 | D:9      | Noticed a two-headed ogre
  5450 | D:9      | Killed a two-headed ogre
  5450 | D:9      | Reached *** piety under Okawaru
  5561 | D:9      | Found a shadowy altar of Dithmenos.
  5564 | D:9      | Reached XP level 10. HP: 91/91 MP: 9/9
  6049 | D:10     | Entered Level 10 of the Dungeon
  6246 | D:10     | Found a staircase to the Lair.
  6257 | D:10     | Reached **** piety under Okawaru
  6257 | D:10     | Reached skill level 10 in Armour
  6291 | D:10     | Reached skill level 10 in Fighting
  6297 | D:10     | Reached skill level 10 in Shields
  6440 | D:10     | Reached skill level 10 in Maces & Flails
  7362 | D:10     | Reached ***** piety under Okawaru
  7380 | D:10     | Received a gift from Okawaru
  7893 | D:10     | Reached XP level 11. HP: 94/101 MP: 10/10
  7900 | D:10     | Received a gift from Okawaru
  7938 | D:10     | Reached skill level 11 in Armour
  8151 | D:10     | Found a staircase to the Orcish Mines.
  8232 | D:11     | Noticed a cyan ugly thing
  8242 | D:11     | Killed a cyan ugly thing
  8687 | D:11     | Found a shimmering altar of Xom.
  8688 | D:11     | Found a shimmering altar of Xom.
  8689 | D:11     | Found a shimmering altar of Xom.
  8690 | D:11     | Found a shimmering altar of Xom.
  8690 | D:11     | Found a shimmering altar of Xom.
  8690 | D:11     | Found a shimmering altar of Xom.
  8924 | D:11     | Noticed a two-headed ogre
  8933 | D:11     | Killed a two-headed ogre
  8992 | D:11     | Noticed a two-headed ogre
  9164 | D:11     | Killed a two-headed ogre
  9620 | D:11     | Reached skill level 12 in Armour
  9729 | D:12     | Received a gift from Okawaru
  9734 | D:12     | Got a pair of bloodstained gloves {god gift}
  9745 | D:12     | Identified the +2 pair of gloves of the Spheres {Int+7 Dex-2 Stlth-} (Okawaru gifted it to you on level 12 of the Dungeon)
  9873 | D:12     | Noticed a two-headed ogre
  9883 | D:12     | Killed a two-headed ogre
 10078 | D:12     | Noticed a green ugly thing
 10084 | D:12     | Killed a green ugly thing
 10084 | D:12     | Reached XP level 12. HP: 102/112 MP: 11/11
 10203 | D:12     | Noticed a death knight
 10226 | D:12     | Killed a death knight
 10769 | D:12     | Noticed a tengu warrior
 10785 | D:12     | Killed a tengu warrior
 11261 | D:12     | Reached skill level 13 in Armour
 11277 | D:12     | Reached ****** piety under Okawaru
 11427 | D:12     | Noticed a two-headed ogre
 11438 | D:12     | Killed a two-headed ogre
 11438 | D:12     | Received a gift from Okawaru
 11439 | D:12     | Got a crystal dire flail {god gift}
 11445 | D:12     | Identified the +6 dire flail of Nickiy {speed, rElec Str+4} (Okawaru gifted it to you on level 12 of the Dungeon)
 11728 | Lair:1   | Entered Level 1 of the Lair of Beasts
 11913 | Lair:1   | Noticed a five-headed hydra
 11922 | Lair:1   | Killed a five-headed hydra
 12298 | Lair:1   | Reached XP level 13. HP: 56/122 MP: 12/12
 12676 | Lair:1   | Received a gift from Okawaru
 13822 | Lair:2   | Reached skill level 14 in Armour
 15437 | Lair:4   | Received a gift from Okawaru
 15461 | Lair:4   | Found a staircase to the Shoals.
 15864 | Lair:4   | Found a staircase to the Snake Pit.
 16582 | Lair:5   | Got a smoking spear
 16583 | Lair:5   | Identified the cursed +0 spear "Qeojuust" {pierce, rElec rN++ Dex-2} (You found it on level 5 of the Lair of Beasts)
 16638 | Lair:5   | Noticed Nessos
 16673 | Lair:5   | Killed Nessos
 16793 | Lair:5   | Reached XP level 14. HP: 122/133 MP: 13/13
 17087 | Lair:5   | Found a viscous altar of Jiyva.
 17088 | Lair:5   | Found a staircase to the Slime Pits.
 17126 | Lair:6   | Entered Level 6 of the Lair of Beasts
 17126 | Lair:6   | Noticed Rupert
 17144 | Lair:5   | Killed Rupert
 17144 | Lair:5   | Received a gift from Okawaru
 17354 | Lair:6   | Reached skill level 15 in Armour
 17745 | Lair:6   | Reached skill level 15 in Fighting
 17759 | Lair:6   | Received a gift from Okawaru
 17759 | Lair:6   | Reached skill level 15 in Shields
 17993 | Lair:6   | Identified a +9 rod of ignition (10/10) (You found it on level 6 of the Lair of Beasts)
 18029 | Lair:6   | Reached skill level 15 in Maces & Flails
 19045 | Lair:5   | Upgraded the game from 0.20-a0-386-g2d247ea to 0.20-a0-390-g4892b34
 19314 | Orc:1    | Entered Level 1 of the Orcish Mines
 19473 | Orc:1    | Received a gift from Okawaru
 19780 | Orc:1    | Upgraded the game from 0.20-a0-390-g4892b34 to 0.20-a0-421-gf6b327c
 19885 | Orc:1    | Noticed Maurice
 19910 | Orc:1    | Killed Maurice
 19998 | Orc:1    | Reached skill level 16 in Armour
 20149 | Orc:2    | Entered Level 2 of the Orcish Mines
 20200 | Orc:2    | Reached XP level 15. HP: 141/141 MP: 14/14
 20516 | Orc:2    | Found a roughly hewn altar of Beogh.
 20743 | Orc:2    | Found Rerphizosh's Jewellery Boutique.
 20758 | Orc:2    | Found Vidig's Assorted Antiques.
 21241 | Orc:2    | Found a staircase to the Elven Halls.
 21420 | Orc:2    | Received a gift from Okawaru
 21439 | Orc:2    | Noticed an orc warlord
 21464 | Orc:2    | Killed an orc warlord
 21728 | Orc:2    | Found Bumyetott's Food Shoppe.
 21772 | Orc:2    | Found Fietaptu's Gadget Shop.
 21883 | Orc:2    | Found a roughly hewn altar of Beogh.
 22268 | Orc:2    | Bought a scroll of identify for 44 gold pieces
 22268 | Orc:2    | Bought a pair of embroidered boots for 231 gold pieces
 22278 | Orc:2    | Bought a cursed ring of teleportation for 63 gold pieces
 22629 | Orc:1    | Found Botsecaf's Antique Armour Emporium.
 22633 | Orc:1    | Bought the +0 pair of fencer's gloves {+Riposte Dex+3} for 551 gold pieces
 22985 | Snake:1  | Entered Level 1 of the Snake Pit
 23130 | Snake:1  | Found Sesch's Gadget Shop.
 23265 | Snake:1  | Received a gift from Okawaru
 23768 | Snake:1  | Noticed Roxanne
 24909 | Snake:2  | Found a frozen archway.
 24935 | IceCv    | Entered an ice cave
 25092 | IceCv    | Identified a +1 pair of boots of running (You found it in an ice cave)
 25222 | IceCv    | Noticed an Ice Fiend
 25223 | IceCv    | Noticed an Ice Fiend
 25243 | IceCv    | Killed an Ice Fiend
 25243 | IceCv    | Received a gift from Okawaru
 25243 | IceCv    | Reached skill level 17 in Armour
 25249 | IceCv    | Slain by an Ice Fiend

Vault maps used:
D:1:      dpeg_arrival_signposts, serial_forest, infiniplex_forest_lined_corner,
          infiniplex_forest_lined_room_2, infiniplex_forest_fountain,
          infiniplex_forest_end_double, st_stairs_6
D:2:      lemuel_round_altar, overflow_temple_1_default,
          small_statue_intersection, minmay_domino_4, uniq_iyjb
D:3:      dancing_weapons_uskayaw, nicolae_ru_sacrificial_ziggurat,
          evilmike_ruin_ashenzari
D:4:      first_bread, hangedman_abyss_or_decor_stagger
D:5:      lemuel_doored_altar
D:6:      lemuel_upstairs_altar, kennysheep_big_empty_room
D:7:      gammafunk_temple_overflow_elements, basic_altar, minmay_nine_imps,
          uniq_crazy_yiuf_cottage
D:9:      kennysheep_little_box, hangedman_little_slice_of_home
D:10:     minmay_lair_entry_grove, david_orc_4, grunt_decor_clamped,
          minmay_fire_ice_demons
D:11:     xom_shifter_show
D:12:     minmay_quarter_circles, spider_trap
Temple:   cyrus_circular_temple
Lair:1:   grunt_forest_large_clearings
Lair:2:   bh_chokoban, serial_bayou_pond_a, beast_lair_carwin_2,
          serial_bayou_shore_b
Lair:3:   infiniplex_staircase_pool, lemuel_fruit_tree
Lair:4:   minmay_shoals_entry_lonely_mermaid, guppyfry_snake_entry_island,
          minmay_lair_oklob_chamber
Lair:5:   dpeg_slime_entry_enclosed_altar, uniq_nessos
Lair:6:   guppyfry_lair_end_dragon, hangedman_lair_caniforms_friends,
          dpeg_oklob_1, uniq_rupert
Snake:1:  serial_shops, shop, spider_trap, st_stairs_13, uniq_roxanne
Snake:2:  portal_ice_cave_entry_ice_statue_one, grunt_ministairs_15,
          grunt_megastairs_2
Orc:1:    serial_shops, nicolae_shop_trees, uniq_maurice
Orc:2:    pubby_orc_utopia, serial_shops
IceCv:    ice_cave_small_demon

Skill      XL: |  1  2  3  4  5  6  7  8  9 10 11 12 13 14 15 |
---------------+----------------------------------------------+-----
Maces & Flails | 3 4 5 7 9 10 11 13 14 15 16 | 16.6
Shields        | 4 5 6 7 9 10 12 13 14 15 16 | 16.8
Fighting       | 4 5 6 8 9 10 12 13 14 15 16 | 16.7
Armour         | 4 5 6 7 9 10 12 13 14 16 17 | 17.0

Action                   |  1- 3 |  4- 6 |  7- 9 | 10-12 | 13-15 || total
-------------------------+-------+-------+-------+-------+-------++-------
Melee: Flail             |    23 |       |       |       |       ||    23
       Headbutt          |     7 |    10 |    36 |   201 |   575 ||   829
       Whip              |    54 |    97 |   179 |     8 |       ||   338
       Mace              |       |       |    43 |   689 |  1563 ||  2295
       Dire flail        |       |       |       |     6 |       ||     6
       Eveningstar       |       |       |       |       |   195 ||   195
  Use: Scroll            |     4 |    10 |     5 |     6 |     9 ||    34
       Potion            |       |       |       |     2 |     8 ||    10
 Stab: Confused          |       |       |       |       |     1 ||     1
  Eat: Fruit             |     3 |       |     9 |       |    34 ||    46
       Bread ration      |       |     1 |       |     3 |       ||     4
       Chunk             |       |       |       |     4 |     4 ||     8
       Royal jelly       |       |       |       |     3 |     4 ||     7
       Meat ration       |       |       |       |       |     1 ||     1
Armor: Scale mail        |    25 |       |       |       |       ||    25
       Chain mail        |       |    31 |    65 |       |       ||    96
       Plate armour      |       |       |     6 |   294 |   603 ||   903
       Skin              |       |       |       |       |    98 ||    98
Dodge: Dodged            |    24 |    22 |    27 |   106 |   325 ||   504
Block: Shield            |    45 |    44 |   113 |   473 |  1211 ||  1886
       Rpst.: Eveningstar |       |       |       |       |     4 ||     4
       Mace              |       |       |       |       |     1 ||     1
